 Dungeon Crawl Stone Soup version 0.20.0 (webtiles) character file.

67015 edsrzf the Carver (level 15, -5/101 HPs)
             Began as a Halfling Monk on June 8, 2017.
             Was the Champion of Cheibriados.
             Slain by a wraith (15 damage)
             ... led by Josephine
             ... on level 2 of the Orcish Mines on June 9, 2017.
             The game lasted 01:15:32 (20541 turns).

edsrzf the Carver (Halfling Monk)                  Turns: 20541, Time: 01:15:33

Health: -5/101     AC: 11    Str: 32    XL:     15   Next: 64%
Magic:  24/27      EV: 22    Int: 26    God:    Cheibriados [******]
Gold:   1752       SH: 12    Dex: 34    Spells: 25/30 levels left

rFire    . . .     SeeInvis .   a - +5 demon blade (slice)
rCold    . . .     Gourm    .   G - +3 warlock's mirror {reflect}
rNeg     . . .     Faith    .   F - +2 robe "Banaf" {Stlth+}
rPois    +         Spirit   .   l - +2 helmet
rElec    .         Reflect  +   k - +0 cloak
rCorr    .         Harm     .   N - +0 pair of gloves
MR       +....                  I - +1 pair of boots
Stlth    ++++......             E - amulet of regeneration
Regen    0.7/turn               y - +3 ring of strength
MPRegen  0.2/turn               u - ring of poison resistance

@: drained, very slow
A: mutation resistance 1
a: Bend Time, Temporal Distortion, Slouch, Step From Time, Renounce Religion


You were on level 2 of the Orcish Mines.
You worshipped Cheibriados.
Cheibriados was exalted by your worship.
You were hungry.

You visited 3 branches of the dungeon, and saw 20 of its levels.
You also visited: Labyrinth and Sewer.

You collected 1752 gold pieces.

Inventory:

Hand Weapons
 a - a +5 demon blade of slicing (weapon)
 b - a +5 hunting sling of freezing
 w - a +0 falchion of flaming
Missiles
 x - 434 stones (quivered)
 C - 118 sling bullets
Armour
 k - a +0 cloak (worn)
 l - a +2 helmet (worn)
 F - the +2 robe "Banaf" (worn) {Stlth+}
   (You found it on level 5 of the Dungeon)

   It makes you more stealthy.
 G - the +3 warlock's mirror (worn) {reflect}
   (You found it on level 6 of the Dungeon)
 I - a +1 pair of boots (worn)
 N - a +0 pair of gloves (worn)
Jewellery
 f - an uncursed ring of positive energy
 g - an uncursed ring of fire
 u - a ring of poison resistance (right hand)
 y - a +3 ring of strength (left hand)
 B - an uncursed ring of wizardry
 E - an amulet of regeneration (around neck)
 J - an uncursed ring of ice
 P - an uncursed ring of resist corrosion
 W - an uncursed ring of positive energy
 Z - an uncursed ring of flight
Wands
 j - a wand of confusion (24/48)
 o - a wand of acid (5/15)
 s - a wand of disintegration (10/24)
 D - a wand of acid (7/15)
 R - a wand of disintegration (12/24)
 S - a wand of acid (8/15)
Scrolls
 d - a scroll of summoning
 i - 10 scrolls of teleportation {@r3}
 p - 2 scrolls of fog
 q - 14 scrolls of remove curse {@r2}
 r - 6 scrolls of magic mapping
 v - 2 scrolls of fear
 M - a scroll of brand weapon
 Q - a scroll of recharging {@r4}
 V - 2 scrolls of silence
 X - 3 scrolls of identify {@r1}
Potions
 e - 6 potions of might
 h - 5 potions of curing
 n - 4 potions of agility
 z - 5 potions of flight
 K - a potion of brilliance
 U - 3 potions of ambrosia
Books
 t - a book of Flames
 T - a book of Spatial Translocations
 Y - a book of the Earth
Comestibles
 c - 13 bread rations
 m - 10 meat rations
 A - 34 fruits
 L - 12 royal jellies


   Skills:
 - Level 9.1(8.4) Fighting
 + Level 14.8(14.0) Long Blades
 - Level 13.0(12.3) Slings
 - Level 3.4(2.8) Armour
 - Level 6.7(6.1) Dodging
 - Level 2.4(1.9) Stealth
 - Level 6.0(5.4) Shields
 + Level 8.2(7.5) Spellcasting
 - Level 2.0(1.5) Conjurations
 - Level 3.0(2.4) Translocations
 - Level 6.1(5.5) Fire Magic
 + Level 9.8(9.2) Invocations


You had 25 spell levels left.
You knew the following spells:

 Your Spells              Type           Power        Failure   Level  Hunger
b - Blink                 Tloc           N/A          3%          2    None
f - Conjure Flame         Conj/Fire      ####....     4%          3    None


Dungeon Overview and Level Annotations

Branches:
Dungeon (12/15)            Temple (0/1) D:6            Lair (6/6) D:11
  Swamp (0/4) Lair:4        Snake (0/4) Lair:4        Slime (0/5) Lair:5
    Orc (2/2) D:12            Elf (0/3) Orc:2

Altars:
Ashenzari
Cheibriados
Dithmenos
Kikubaaqudgha
Okawaru
Qazlal
Sif Muna
Vehumet
Xom

Shops:
D:9 !

Annotations:
Orc:2 Josephine


Innate Abilities, Weirdness & Mutations

You are small and have problems with some larger weapons.
You are somewhat resistant to further mutation.


Message History

You kill the orc priest!
Cheibriados appreciates the change of pace.
You kill the orc priest!
Cheibriados appreciates the change of pace.
You kill the orc priest!
Cheibriados appreciates the change of pace.
You kill the orc wizard!
Cheibriados thoroughly appreciates the change of pace. x2
Reactivating autopickup.
You feel a bit more experienced.
You kill the orc wizard!
Cheibriados thoroughly appreciates the change of pace.
You feel somewhat more hungry.
A wraith comes into view.
Unknown command.
Press: ? - help, v - describe, . - travel
Here: an orc warrior, wielding a halberd and wearing a chain mail (severely wounded)
The floor.
Unknown command.
An orc sorcerer and a wraith come into view.
Josephine shouts!
The orc warrior misses you.
You riposte.
You closely miss the orc warrior.
The orc warrior is severely wounded.
The orc warrior hits you with a halberd.
An orc high priest, an orc sorcerer and a wraith come into view.
Things that are here:
a short sword of electrocution; a leather armour The orc sorcerer shouts!
The orc high priest shouts!
The orc sorcerer shouts!
You hit the orc warrior but do no damage.
The orc warrior is severely wounded.
The orc warrior barely misses you.
You slash the orc warrior!
You kill the orc warrior!
Cheibriados thoroughly appreciates the change of pace.
Press: ? - help, v - describe, . - travel, g - get item
Here: an orc warrior, wielding a halberd and wearing a chain mail (severely wounded)
A stone.
The floor.
Unknown command.
A wraith comes into view.
You block the orc warrior's attack.
The orc sorcerer wildly gestures.
You feel troubled.
The orc sorcerer gestures wildly while chanting.
The orc warrior hits you with a halberd.
An orc warrior comes into view. It is wielding a short sword.
Things that are here:
a flail; a ring mail; an orc corpse The orc warrior shouts!
You slash the orc warrior!
You kill the orc warrior!
Cheibriados thoroughly appreciates the change of pace.
The orc sorcerer howls an incantation.
You feel disoriented.
You hit the orc sorcerer but do no damage.
The orc sorcerer hits you but does no damage.
You slice the orc sorcerer!!
You kill the orc sorcerer!
Cheibriados thoroughly appreciates the change of pace.
You hear a shout!
Josephine misses you.
The orc high priest invokes the aid of Beogh against you.
Beogh smites you!
An orc wizard comes into view. It is wielding a dagger of flaming.
You slash Josephine!
Josephine is moderately wounded.
The orc sorcerer points at you and mumbles some strange words.
The bolt of fire hits you!
You hear a shout!
Unknown command.
You hit Josephine.
Josephine is heavily wounded.
You block Josephine's attack.
You hit Josephine.
Josephine is heavily wounded.
The orc sorcerer points at you and mumbles some strange words.
The bolt of fire misses you.
You hear a shout!
You slash Josephine!
Josephine is severely wounded.
The red devil hits you from afar with a trident!
The wraith completely misses you.
You riposte.
You slash the wraith!
The wraith is severely damaged.
Josephine points at you and mumbles some strange words.
The ghostly flame explodes!
The ghostly fireball engulfs you!
You feel drained.
* * * LOW HITPOINT WARNING * * *
The ghostly fireball engulfs Josephine.
Josephine completely resists.
The ghostly fireball engulfs the wraith.
The wraith completely resists.
You hear a shout! x8
Unknown command.
Okay, then.
Okay, then.
Okay, then.
Okay, then.
Cast which spell? (? or * to list)
Okay, then.
Unknown command.
You fail to use your ability.
The wraith hits you!
You die...

....#.#....###..
..).........#....
...)............#
...o(..........#.
...)oo...........
.)(W4W).....#..
#.@WW...$.#
#.o@)..#..##
#...)......#
#......##.##
#.###..## ##
#...# ##.## #...#
##..## #...#


You could see Josephine, an orc high priest, 4 wraiths, an orc sorcerer, a red
devil, an orc warrior and an orc wizard.

Vanquished Creatures
  9 hydras
  A catoblepas (Lab)
  4 death yaks
  3 two-headed ogres
  A deep elf knight (Orc:2)
  Sonja (Orc:2)
  An unseen horror (D:10)
  An oklob plant (D:9)
  2 orc sorcerers (Orc:2)
  The ghost of aesoa the Bolt Thrower, a novice OpFi (D:6)
  A manticore (Lair:3)
  An ugly thing (D:10)
  6 elephants (Lair:4)
  A cyclops (D:11)
  6 black mambas
  27 spiny frogs
  7 torpor snails
  6 rime drakes
  5 komodo dragons
  A polar bear (shapeshifter) (D:11)
  A queen bee (Lair:3)
  2 trolls
  A polar bear (Lair:6)
  The ghost of Heartnet the Poker, an amateur DrSk (D:4)
  19 blink frogs
  5 tyrant leeches (Lair:6)
  A hornet (D:10)
  8 dream sheep
  7 hippogriffs
  9 basilisks
  A shadow (D:11)
  51 yaks
  Sigmund (D:2)
  9 wyverns
  2 steam dragons
  5 vampire mosquitoes
  An acid dragon (D:11)
  4 wargs
  4 nagas (Lair:4)
  A soldier ant (D:11)
  8 porcupines
  14 water moccasins
  A black bear (D:7)
  13 orc warriors
  2 ice beasts
  A sky beast (D:9)
  11 ogres
  An eye of draining (D:11)
  14 wolves
  3 centaurs
  15 crocodiles
  2 necrophages
  4 big kobolds
  A wyvern zombie (D:11)
  22 bullfrogs
  30 killer bees
  5 scorpions
  9 wights
  A howler monkey (D:5)
  An electric eel (D:11)
  4 crimson imps
  2 bullfrog zombies
  Crazy Yiuf (D:2)
  8 orc priests
  9 hounds
  2 jellies
  3 bullfrog skeletons
  Natasha (twice) (D:4)
  8 iguanas
  21 orc wizards
  6 worker ants
  2 hound skeletons
  15 adders
  A river rat (Lair:3)
  2 shadow imps (D:10)
  8 oozes
  An adder zombie (D:9)
  An adder skeleton (D:10)
  7 worms
  A dart slug (D:2)
  8 leopard geckos
  81 orcs
  14 bats
  7 giant cockroaches
  8 goblins
  7 hobgoblins
  15 jackals
  3 quokkas
  3 ball pythons
  10 frilled lizards
  14 kobolds
  A quokka skeleton (D:4)
  A quokka zombie (D:6)
  12 rats
  A fungus (Lair:6)
  A plant (Lair:6)
666 creatures vanquished.

Vanquished Creatures (collateral kills)
  2 death yaks (Lair:6)
  A vampire mosquito (Lair:6)
3 creatures vanquished.

Vanquished Creatures (others)
  A bush (Lair:2)
  12 fungi
  59 plants
72 creatures vanquished.

Grand Total: 741 creatures vanquished

Notes
Turn   | Place    | Note
-------+----------+-------------------------------------------
     0 | D:1      | edsrzf the Halfling Monk began the quest for the Orb.
     0 | D:1      | Reached XP level 1. HP: 15/15 MP: 1/1
     2 | D:1      | Noticed a ghoul
     2 | D:1      | Noticed a dwarf
     4 | D:1      | Noticed a gargoyle
     4 | D:1      | Noticed a vampire
     6 | D:1      | Noticed an elf
     6 | D:1      | Noticed a merfolk
     8 | D:1      | Noticed a demigod
     8 | D:1      | Noticed an ogre
    10 | D:1      | Noticed a vine stalker
    10 | D:1      | Noticed a naga
    14 | D:1      | Noticed a demonspawn
    17 | D:1      | Noticed a formicid
    19 | D:1      | Noticed a felid
    19 | D:1      | Noticed a halfling
    21 | D:1      | Noticed a centaur
    21 | D:1      | Noticed a minotaur
    23 | D:1      | Noticed a tengu
    23 | D:1      | Noticed a spriggan
    25 | D:1      | Noticed a human
    25 | D:1      | Noticed a draconian
    27 | D:1      | Noticed a troll
    27 | D:1      | Noticed an octopode
    75 | D:1      | Reached XP level 2. HP: 15/20 MP: 2/2
   259 | D:1      | Reached XP level 3. HP: 11/25 MP: 3/3
   447 | D:1      | Reached skill level 3 in Fighting
   490 | D:1      | Reached skill level 1 in Armour
   794 | D:2      | Noticed Sigmund
  1083 | D:2      | Reached XP level 4. HP: 28/31 MP: 4/4
  1378 | D:2      | Killed Sigmund
  1378 | D:2      | Reached skill level 4 in Long Blades
  1378 | D:2      | Reached skill level 2 in Armour
  1378 | D:2      | Reached XP level 5. HP: 26/37 MP: 5/5
  1378 | D:2      | Reached XP level 6. HP: 30/43 MP: 6/6
  1471 | D:2      | Reached skill level 4 in Fighting
  1471 | D:2      | Reached skill level 3 in Armour
  1515 | D:2      | Found a runed door.
  1519 | D:2      | Noticed Crazy Yiuf
  1563 | D:2      | Killed Crazy Yiuf
  2042 | D:3      | Found a shattered altar of Ashenzari.
  2348 | D:3      | Found a snail-covered altar of Cheibriados.
  2356 | D:3      | Became a worshipper of Cheibriados the Contemplative
  2356 | D:3      | Reached * piety under Cheibriados
  2356 | D:3      | Reached ** piety under Cheibriados
  2435 | D:3      | Found a stormy altar of Qazlal.
  2666 | D:4      | Found a glowing drain.
  2702 | Sewer    | Entered a sewer
  2788 | Sewer    | Identified 3 scrolls of identify
  2788 | Sewer    | Identified a potion of might
  2789 | Sewer    | Identified a potion of agility
  2790 | Sewer    | Identified a potion of haste
  2880 | Sewer    | Reached skill level 1 in Slings
  2921 | Sewer    | Identified a potion of invisibility
  3087 | Sewer    | Identified 3 potions of flight
  3109 | Sewer    | Reached *** piety under Cheibriados
  3184 | Sewer    | Identified 3 potions of lignification
  3185 | Sewer    | Identified 2 potions of degeneration
  3445 | Sewer    | Reached XP level 7. HP: 47/49 MP: 7/7
  3709 | D:4      | Reached skill level 2 in Slings
  3770 | D:4      | Reached skill level 5 in Long Blades
  3905 | D:4      | Noticed Heartnet's ghost (amateur DrSk)
  3948 | D:4      | Killed Heartnet's ghost
  3948 | D:4      | Reached skill level 5 in Fighting
  3948 | D:4      | Reached skill level 4 in Slings
  3948 | D:4      | Reached XP level 8. HP: 24/55 MP: 8/8
  4307 | D:4      | Reached skill level 5 in Slings
  4350 | D:4      | Noticed Natasha
  4353 | D:4      | Killed Natasha
  4459 | D:4      | Noticed Natasha
  4462 | D:4      | Killed Natasha
  4605 | D:5      | Entered Level 5 of the Dungeon
  4718 | D:5      | Reached **** piety under Cheibriados
  4725 | D:5      | Reached skill level 6 in Long Blades
  4817 | D:5      | Found an ancient bone altar of Kikubaaqudgha.
  4820 | D:5      | Found a shadowy altar of Dithmenos.
  4833 | D:5      | Found a deep blue altar of Sif Muna.
  4836 | D:5      | Found a radiant altar of Vehumet.
  4901 | D:5      | Got a faintly humming robe
  4912 | D:5      | Identified the +2 robe "Banaf" {Stlth+} (You found it on level 5 of the Dungeon)
  4936 | D:5      | Found a shimmering altar of Xom.
  5043 | D:5      | Reached skill level 6 in Slings
  5206 | D:6      | Noticed aesoa's ghost (novice OpFi)
  5222 | D:5      | Reached skill level 6 in Fighting
  5284 | D:6      | Reached XP level 9. HP: 62/62 MP: 9/9
  5365 | D:6      | Identified 7 scrolls of teleportation
  5377 | D:6      | Reached skill level 7 in Slings
  5637 | D:6      | Found a staircase to the Ecumenical Temple.
  5675 | D:6      | Reached skill level 1 in Shields
  5913 | D:6      | Killed aesoa's ghost
  5913 | D:6      | Reached skill level 4 in Shields
  6381 | D:7      | Reached skill level 5 in Shields
  6698 | D:7      | Reached skill level 6 in Shields
  6967 | D:8      | Reached ***** piety under Cheibriados
  6980 | D:8      | Reached skill level 7 in Long Blades
  7209 | D:8      | Reached skill level 8 in Slings
  7209 | D:8      | Reached XP level 10. HP: 69/69 MP: 10/10
  7339 | D:8      | Reached skill level 7 in Fighting
  7351 | D:8      | Reached skill level 9 in Slings
  7362 | D:8      | Reached skill level 8 in Long Blades
  7457 | D:8      | Noticed a three-headed hydra
  7462 | D:8      | Killed a one-headed hydra
  7574 | D:8      | Reached skill level 10 in Slings
  8119 | D:8      | Reached skill level 8 in Fighting
  8220 | D:9      | Noticed an oklob plant
  8540 | D:9      | Reached skill level 9 in Long Blades
  8540 | D:9      | Reached XP level 11. HP: 71/77 MP: 11/11
  8590 | D:9      | Noticed a two-headed ogre
  8691 | D:9      | Reached ****** piety under Cheibriados
  8697 | D:9      | Found an iron altar of Okawaru.
  8757 | D:9      | Found Kocit's Distillery.
  8813 | D:9      | Identified 8 scrolls of remove curse
  8822 | D:9      | Noticed a two-headed ogre
  8834 | D:9      | Killed a two-headed ogre
  8834 | D:9      | Reached skill level 11 in Slings
  8835 | D:9      | Identified a potion of berserk rage
  8836 | D:9      | Identified a potion of brilliance
  9081 | D:9      | Killed a two-headed ogre
  9341 | D:9      | Killed an oklob plant
  9341 | D:9      | Reached skill level 9 in Fighting
  9341 | D:9      | Reached skill level 12 in Slings
  9389 | D:10     | Entered Level 10 of the Dungeon
  9625 | D:10     | Reached skill level 4 in Dodging
  9634 | D:10     | Reached skill level 10 in Long Blades
  9841 | D:10     | Noticed a purple ugly thing
  9856 | D:10     | Killed a purple ugly thing
  9999 | D:10     | Killed an unseen horror
  9999 | D:10     | Reached skill level 5 in Dodging
 10227 | D:10     | Reached XP level 12. HP: 70/85 MP: 12/12
 10364 | D:11     | Reached skill level 13 in Slings
 10454 | D:11     | Found a staircase to the Lair.
 10656 | D:11     | Reached skill level 1 in Spellcasting
 11054 | D:11     | Identified a potion of heal wounds
 11068 | D:11     | Reached skill level 1 in Invocations
 11198 | D:11     | Noticed an eight-headed hydra
 11211 | D:11     | Reached skill level 6 in Dodging
 11395 | D:11     | Reached skill level 2 in Invocations
 11439 | Lair:1   | Entered Level 1 of the Lair of Beasts
 11439 | Lair:1   | Noticed a six-headed hydra
 11444 | Lair:1   | Killed a six-headed hydra
 11444 | Lair:1   | Reached skill level 11 in Long Blades
 11444 | Lair:1   | Reached skill level 3 in Invocations
 11479 | Lair:1   | Learned a level 3 spell: Conjure Flame
 11725 | Lair:1   | Reached skill level 1 in Fire Magic
 11732 | Lair:1   | Reached skill level 1 in Conjurations
 11980 | Lair:1   | Reached skill level 2 in Fire Magic
 12058 | Lair:1   | Reached skill level 2 in Conjurations
 12592 | Lair:2   | Identified 3 scrolls of blinking
 12593 | Lair:2   | Identified 6 scrolls of magic mapping
 12639 | Lair:2   | Reached skill level 3 in Fire Magic
 12665 | Lair:2   | Noticed a four-headed hydra
 12671 | Lair:2   | Killed a four-headed hydra
 12671 | Lair:2   | Reached skill level 2 in Spellcasting
 12685 | Lair:2   | Found a labyrinth entrance.
 12696 | Lab      | Entered a labyrinth
 12833 | Lab      | Noticed a minotaur
 12843 | Lab      | Noticed a catoblepas
 12843 | Lab      | a minotaur changed into a catoblepas
 12863 | Lab      | Killed a catoblepas
 12863 | Lab      | Reached XP level 13. HP: 42/90 MP: 14/16
 12879 | Lab      | Identified the cursed +0 chain mail of Autotheism {rCorr SInv} (You found it in a labyrinth)
 12920 | Lair:2   | Identified a scroll of immolation
 12921 | Lair:2   | Identified a scroll of acquirement
 12926 | Lair:2   | Identified a scroll of summoning
 12927 | Lair:2   | Identified a scroll of recharging
 12928 | Lair:2   | Identified a scroll of enchant armour
 13006 | Lair:2   | Reached skill level 4 in Fire Magic
 13009 | Lair:2   | Identified 4 scrolls of enchant weapon
 13010 | Lair:2   | Identified 2 scrolls of fog
 13011 | Lair:2   | Identified 3 scrolls of silence
 13033 | Lair:2   | Identified 2 scrolls of torment
 13451 | Lair:2   | Noticed a six-headed hydra
 13462 | Lair:2   | Killed a one-headed hydra
 13462 | Lair:2   | Reached skill level 12 in Long Blades
 13462 | Lair:2   | Reached skill level 3 in Spellcasting
 13804 | Lair:3   | Reached skill level 5 in Fire Magic
 13895 | Lair:3   | Noticed a five-headed hydra
 13906 | Lair:3   | Killed a five-headed hydra
 14041 | Lair:3   | Reached skill level 4 in Spellcasting
 14257 | Lair:3   | Reached skill level 6 in Fire Magic
 14339 | Lair:3   | Identified 3 scrolls of brand weapon
 14342 | Lair:3   | Identified a scroll of amnesia
 14496 | Lair:3   | Learned a level 2 spell: Blink
 14663 | Lair:3   | Reached skill level 1 in Translocations
 14806 | Lair:3   | Identified a scroll of fear
 14929 | Lair:3   | Reached skill level 2 in Translocations
 15057 | Lair:3   | Reached skill level 4 in Invocations
 15213 | Lair:3   | Identified a scroll of noise
 15503 | Lair:3   | Reached skill level 5 in Spellcasting
 15714 | Lair:4   | Reached XP level 14. HP: 97/97 MP: 21/21
 15736 | Lair:4   | Found a staircase to the Swamp.
 15751 | Lair:4   | Reached skill level 3 in Translocations
 16039 | Lair:4   | Identified 2 potions of ambrosia
 16090 | Lair:4   | Reached skill level 13 in Long Blades
 16091 | Lair:4   | Found a staircase to the Snake Pit.
 16105 | Lair:4   | Reached skill level 5 in Invocations
 16526 | Lair:4   | Reached skill level 6 in Invocations
 16843 | Lair:5   | Reached skill level 6 in Spellcasting
 17164 | Lair:5   | Found a snail-covered altar of Cheibriados.
 17387 | Lair:5   | Reached skill level 7 in Invocations
 17388 | Lair:5   | Found a staircase to the Slime Pits.
 17787 | Lair:6   | Entered Level 6 of the Lair of Beasts
 18135 | Lair:6   | Reached skill level 8 in Invocations
 18169 | Lair:6   | Reached skill level 14 in Long Blades
 18173 | Lair:6   | Reached skill level 7 in Spellcasting
 18222 | Lair:6   | Reached XP level 15. HP: 101/101 MP: 25/25
 18679 | Lair:6   | Reached skill level 9 in Invocations
 19777 | D:12     | Found a staircase to the Orcish Mines.
 19786 | Orc:1    | Entered Level 1 of the Orcish Mines
 19946 | Orc:2    | Entered Level 2 of the Orcish Mines
 20085 | Orc:2    | Found a staircase to the Elven Halls.
 20113 | Orc:2    | Noticed Sonja
 20137 | Orc:2    | Killed Sonja
 20137 | Orc:2    | Reached skill level 8 in Spellcasting
 20529 | Orc:2    | Noticed Josephine
 20541 | Orc:2    | Slain by a wraith

Skill      XL: |  1  2  3  4  5  6  7  8  9 10 11 12 13 14 15 |
---------------+----------------------------------------------+-----
Fighting       | 3 4 5 6 8 9 |  9.1
Armour         | 1 2 3 |  3.4
Long Blades    | 4 5 6 7 9 10 11 12 14 | 14.8
Slings         | 1 4 6 8 10 12 13 | 13.0
Shields        | 6 |  6.0
Dodging        | 5 6 |  6.7
Spellcasting   | 2 5 7 8 |  8.2
Invocations    | 3 4 8 9 |  9.8
Fire Magic     | 3 6 |  6.1
Conjurations   | 2 |  2.0
Translocations | 2 3 |  3.0
Stealth        | |  2.4

Action                   |  1- 3 |  4- 6 |  7- 9 | 10-12 | 13-15 || total
-------------------------+-------+-------+-------+-------+-------++-------
Melee: Falchion          |    50 |       |    91 |   144 |   258 ||   543
       Dagger            |    33 |   205 |   184 |   361 |   164 ||   947
       Scimitar          |       |       |       |       |   322 ||   322
       Demon blade       |       |       |       |       |   109 ||   109
 Fire: Hunting sling     |       |     9 |   120 |   413 |   542 ||  1084
Throw: Stone             |       |       |     1 |     2 |     1 ||     4
 Cast: Conjure Flame     |       |       |       |     1 |       ||     1
Invok: Slouch            |       |       |       |       |     1 ||     1
Evoke: Wand              |       |       |       |     2 |       ||     2
  Use: Scroll            |       |     6 |     1 |     8 |    31 ||    46
       Potion            |       |     2 |     3 |     7 |     1 ||    13
 Stab: Sleeping          |     7 |     3 |     2 |     1 |     9 ||    22
       Distracted        |       |     1 |       |       |     1 ||     2
       Invisible         |       |       |     1 |       |       ||     1
       Paralysed         |       |       |       |       |     1 ||     1
  Eat: Chunk             |     1 |     6 |     4 |    10 |    13 ||    34
       Royal jelly       |       |       |     1 |       |     1 ||     2
Armor: Robe              |     1 |       |    13 |    31 |    59 ||   104
       Ring mail         |    13 |    56 |    19 |       |       ||    88
       Skin              |       |     7 |     6 |    36 |       ||    49
Dodge: Dodged            |    52 |   176 |   160 |   240 |   511 ||  1139
Block: Buckler           |       |       |    12 |   318 |   445 ||   775
       Reflection        |       |       |       |    12 |    12 ||    24
       Rpst.: Falchion   |    14 |       |    10 |    27 |    40 ||    91
       Scimitar          |       |       |       |       |    60 ||    60
       Demon blade       |       |       |       |       |    17 ||    17
